Unix NetHack Version 5.0.0-0 post-release - last build Jul 19 2026 19:10:59 (3aa4ab31751d3886436d94b585a96704892fd477,branch:main).

Game began 2026-07-24 21:48:28, ended 2026-07-24 22:24:59.

Jinnora, neutral female human Wizard

              -------------
              |<..........|
              |............###################
              |...........|    ##############
              |...........|      -----------.-
              -------------      |C.........*|        --------
                                 |.....C...[.|        |......|
                                 |.  -----...|########-......|
 -----                           |   |.{.....-####    |.>....|
 |...|             #                 |{.{|C..|#       |......|
 |*.%-#####d@############            |.{.|...|#       |......|
 |...|          -------|---          -----...|#       |......|
 |...|          |......)..|              ....|#       --------
 |.`.|          |.........|             ....C|#
 |...|          |.........|#           -------##
 -----          |.......*.-####################
                |.........|
                -----------

Jinnora the Thaumaturge   St:10 Dx:14 Co:14 In:18 Wi:11 Ch:11  Neutral
Dlvl:7  $:208 HP:0(55) Pw:8(74) AC:5  Xp:7/1268 T:5052 

Latest messages:
 The wolf turns to flee.
 In what direction? <space>
 Never mind.
 The wolf turns to flee.
 The kitten bites the dwarf zombie.
 The dwarf zombie misses the kitten.
 The wolf turns to flee.
 The kitten misses the dwarf zombie.
 The kitten bites the dwarf zombie.
 The dwarf zombie is destroyed!
 The wolf turns to flee.
 The wolf turns to flee.
 The wolf turns to flee.
 The wolf turns to flee.
 The wolf turns to flee.
 The wolf bites!
 You see here a dwarf corpse.
 The wolf bites!
 You hit the dwarf zombie!
 The wolf bites!
 The wolf bites!
 The dwarf zombie hits!
 In what direction? 6
 The spell hits the dwarf zombie!
 You destroy the dwarf zombie!
 The wolf bites!
 The wolf bites!
 The wolf bites!
 What do you want to write with? [- aeCM or ?*] -
 You write in the dust with your fingertip.
 What do you want to write in the dust here? Elbereth
 The wolf turns to flee.
 The wolf just misses!
 You hear bubbling water.
 What do you want to write with? [- aeCM or ?*] -
 You write in the dust with your fingertip.
 What do you want to write in the dust here? Elbereth
 The wolf turns to flee.
 The wolf bites!
 The dwarf zombie turns to flee.
 What do you want to use or apply? [eosCHMP or ?*] <esc>
 Never mind.
 What do you want to write with? [- aeCM or ?*] ?
 You wipe out the message that was written in the dust here.
 You engrave in the ground with a wand of digging.
 What do you want to engrave in the ground here? Elbereth
 Gravel flies up from the floor.
 The wolf bites!
 You die...
 Do you want your possessions identified? [ynq] (y) q

Inventory:
 Coins    ('$')
  $ - 208 gold pieces
 Weapons  (')')
  a - a blessed +1 quarterstaff (weapon in hands)
 Armor    ('[')
  x - an uncursed +0 pair of leather gloves (being worn)
  y - an uncursed +1 pair of jumping boots (being worn)
  b - an uncursed +0 cloak of magic resistance (being worn)
  E - an uncursed +0 T-shirt with text "It is better to light a candle than to curse the darkness" (being worn)
  t - an uncursed +0 leather jacket (being worn)
 Comestibles  ('%')
  Q - an uncursed apple
  R - an uncursed food ration
 Scrolls  ('?')
  j - an uncursed scroll of genocide
 Wands    ('/')
  C - an uncursed wand of digging (0:2)
  e - an uncursed wand of striking (0:0)
 Tools    ('(')
  s - an uncursed bag of holding containing 45 items
  P - an empty uncursed bag of holding
  o - an uncursed magic whistle
  H - an uncursed skeleton key
 Gems/Stones  ('*')
  M - an uncursed flint stone

Contents of the bag of holding:
  228 gold pieces
  a cursed amulet of change
  an uncursed amulet of ESP
  12 cursed -3 darts
  19 uncursed +0 darts
  a blessed +2 elven dagger
  4 cursed -1 daggers
  7 uncursed +0 daggers
  an uncursed +1 shield of reflection
  an uncursed slime mold
  an uncursed cram ration
  a cursed food ration
  an uncursed food ration
  an uncursed tripe ration
  4 uncursed lichen corpses
  an uncursed scroll of remove curse
  an uncursed scroll of teleportation
  an uncursed scroll of enchant weapon
  an uncursed scroll of confuse monster
  an uncursed scroll of enchant armor
  a cursed scroll of light
  2 uncursed scrolls of light
  an uncursed scroll of create monster
  an uncursed scroll of identify
  an uncursed spellbook of haste self
  an uncursed potion of booze
  a cursed potion of sickness
  an uncursed potion of restore ability
  an uncursed potion of see invisible
  an uncursed ring of cold resistance
  an uncursed ring of shock resistance
  an uncursed wand of create monster (0:13)
  an uncursed wand of create monster (0:11)
  a blessed tallow candle
  an uncursed mirror
  an uncursed blindfold
  an uncursed can of grease (0:25)
  an uncursed magic marker (0:20)
  an uncursed skeleton key
  2 uncursed worthless pieces of blue glass
  3 uncursed worthless pieces of green glass
  an uncursed worthless piece of orange glass
  an uncursed worthless piece of red glass
  an uncursed worthless piece of white glass
  an uncursed amber stone

Jinnora the Wizard's attributes:

Background:
 You were a Thaumaturge, a level 7 female human Wizard.
 You were neutral, on a mission for Thoth
 who was opposed by Ptah (lawful) and Anhur (chaotic).
 You were right-handed.
 You were in the Dungeons of Doom, on level 7.
 You entered the dungeon 5052 turns ago.
 It was nighttime.
 You had 1268 experience points, 12 more were needed to attain level 8.

Basics:
 You had 0 out of 55 hit points.
 You had 8 out of 74 energy points (spell power).
 Your armor class was 5.
 Your wallet contained 208 zorkmids, and
 you had 228 more stashed away in your pack.
 Autopickup was off.

Final Characteristics:
 Your strength was 10 (limit:18/100).
 Your dexterity was 14 (limit:18).
 Your constitution was 14 (limit:18).
 Your intelligence was 18 (limit:18).
 Your wisdom was 11 (limit:18).
 Your charisma was 11 (limit:18).

Final Status:
 You weren't hungry.
 You were unencumbered.
 You were wielding a quarterstaff.
 You had basic skill with quarterstaff and could have enhanced that.

Final Attributes:
 You were piously aligned.
 You were magic-protected.
 You were poison resistant.
 You could jump.
 You were warded.
 You are dead.

Miscellaneous:
 You didn't encounter any bones levels.
 Total elapsed playing time was 36 minutes and 31 seconds.

Major events:
 Turn
    1: Jinnora the neutral female human Wizard entered the dungeon
  430: attained the rank of Conjurer (level 3)
 1447: entered the Gnomish Mines
 1827: attained the rank of Thaumaturge (level 6)
 2998: reached Mine Town
 5052: killed by a wolf

Spells:
 Name                 Level Category     Fail Retention
 force bolt             1   attack         0%   71%-80%
 confuse monster        1   enchantment    0%   71%-80%
 healing                1   healing        0%  76%-100%

Skills:
 Fighting Skills
   bare handed combat [Unskilled]
   riding             [Unskilled]
 Weapon Skills
   dagger             [Unskilled]
   knife              [Unskilled]
   axe                [Unskilled]
   short sword        [Unskilled]
   club               [Unskilled]
   mace               [Unskilled]
   quarterstaff       [Basic]
   polearms           [Unskilled]
   spear              [Unskilled]
   trident            [Unskilled]
   sling              [Unskilled]
   dart               [Unskilled]
   shuriken           [Unskilled]
 Spellcasting Skills
   attack spells      [Basic]
   healing spells     [Unskilled]
   divination spells  [Unskilled]
   enchantment spells [Basic]
   clerical spells    [Unskilled]
   escape spells      [Unskilled]
   matter spells      [Unskilled]

Voluntary challenges:
 Character rerolling was not enabled.
 You never genocided any monsters.
 You never polymorphed an object.
 You never changed form.
 You used no wishes.
Achievements:
 You attained the rank of Conjurer.
 You entered a shop.
 You entered the Gnomish Mines.
 You attained the rank of Thaumaturge.
 You entered Minetown.

 The Dungeons of Doom: levels 1 to 8
    Level 1:
    Level 2:
       An armor shop, a fountain.
    Level 3:
       A tool shop, some fountains.
    Level 4:
       A general store.
       Stairs down to The Gnomish Mines.
    Level 5:
       A fountain.
    Level 6:
       A fountain, a sink.
    Level 7: <- You were here.
       Many fountains.
       Oracle of Delphi.
       Final resting place for
          you, killed by a wolf.
    Level 8:
 The Gnomish Mines: levels 5 to 7
    Level 5:
    Level 6:
    Level 7:
       A fountain.


Vanquished creatures:
  2 large mimics
  a wolf
  a leprechaun
  2 orc-captains
  a dwarf mummy
  a gold golem
  a werewolf
  2 dingoes
  a blue jelly
  a dust vortex
  a snake
 an imp
  9 Mordor orcs
 an Uruk-hai
  a rock piercer
  a fog cloud
  a shrieker
  4 gnome leaders
  a gnomish wizard
  a kobold mummy
  a red naga hatchling
  a ghoul
  5 giant ants
  7 dwarves
  a kobold shaman
  4 hill orcs
  a rothe
  a centipede
  a giant bat
  3 dwarf zombies
  2 iguanas
  a gas spore
  a hobbit
  a large kobold
  3 hobgoblins
  a giant rat
  a brown mold
  a red mold
 19 gnomes
  2 geckos
  2 jackals
  a fox
  2 kobolds
  3 goblins
  6 grid bugs
  9 lichens
  a kobold zombie
  4 newts
119 creatures vanquished.

No species were genocided or became extinct.

Game over:
                       ----------
                      /          \
                     /    REST    \
                    /      IN      \
                   /     PEACE      \
                  /                  \
                  |     Jinnora      |
                  |      436 Au      |
                  | killed by a wolf |
                  |                  |
                  |                  |
                  |                  |
                  |       2026       |
                 *|     *  *  *      | *
        _________)/\\_//(\/(/\)/\//\/|_)_______

Goodbye Jinnora the Wizard...

You died in The Dungeons of Doom on dungeon level 7 with 5825 points,
and 436 pieces of gold, after 5052 moves.
You were level 7 with a maximum of 55 hit points when you died.

